 Dungeon Crawl Stone Soup version 0.25.1-4-g9407a263a5 (webtiles) character file.

Game seed: 2735900194327776042

170 Clowwww the Chopper (level 5, 0/41 HPs)
             Began as a Demonspawn Gladiator on Nov 27, 2020.
             Was an Initiate of Okawaru.
             Slain by Grinder (5 damage)
             ... on level 3 of the Dungeon.
             The game lasted 00:09:56 (3103 turns).

Clowwww the Chopper (Demonspawn Gladiator)          Turns: 3103, Time: 00:09:57

Health: 0/41       AC:  4    Str: 16    XL:     5   Next: 26%
Magic:  5/5        EV: 13    Int:  9    God:    Okawaru [......]
Gold:   170        SH:  0    Dex: 14    Spells: 4/4 levels left

rFire    . . .     SeeInvis .   a - +0 war axe
rCold    . . .     Gourm    .   (no shield)
rNeg     . . .     Faith    .   b - +0 leather armour
rPois    .         Spirit   .   (helmet restricted)
rElec    .         Reflect  .   (no cloak)
rCorr    .         Harm     .   (no gloves)
MR       .....                  k - +0 pair of boots {run}
Stlth    +.........             (no amulet)
HPRegen  0.13/turn              (no ring)
MPRegen  0.09/turn              (no ring)

@: quick
A: antennae 2, claws 1
a: Renounce Religion


You were on level 3 of the Dungeon.
You worshipped Okawaru.
Okawaru was noncommittal.
You were not hungry.

You visited 1 branch of the dungeon, and saw 3 of its levels.

You collected 170 gold pieces.

Inventory:

Hand Weapons
 a - a +0 war axe (weapon)
Missiles
 d - 3 throwing nets (quivered)
 q - 12 poisoned darts
Armour
 b - a +0 leather armour (worn)
 c - a +0 helmet
 i - a cursed +0 pair of gloves
 k - a +0 pair of boots of running (worn)
Jewellery
 l - an uncursed ring of fire {unknown}
 t - an uncursed amulet of faith {unknown}
Wands
 g - a wand of enslavement (3)
Scrolls
 e - a scroll of teleportation {unknown}
 h - 2 scrolls of amnesia {unknown}
 j - a scroll of enchant armour {unknown}
 m - 3 scrolls of identify {unknown}
 p - a scroll of blinking {unknown}
Potions
 n - 2 potions of stabbing
 r - a potion of might {unknown}
 s - a potion of curing {unknown}
Comestibles
 f - 4 rations


   Skills:
 + Level 3.1 Fighting
 + Level 3.7 Axes
 + Level 2.4 Throwing
 + Level 1.4 Armour
 + Level 3.3 Dodging
 + Level 0.1 Stealth


You had 4 spell levels left.
You didn't know any spells.
Your spell library was empty.

Dungeon Overview and Level Annotations

Branches:
Dungeon (3/15)

Altars:
Cheibriados
Gozag
Makhleb
Okawaru
Qazlal
Trog

Annotations:
D:3 Grinder


Innate Abilities, Weirdness & Mutations

You have a pair of antennae on your head.
You have sharp fingernails.


Message History

You hit Grinder but do no damage. Grinder barely misses you.
You slash Grinder!
Grinder is moderately wounded.
Grinder barely misses you. Grinder closely misses you.
You closely miss Grinder.
Grinder is moderately wounded.
Grinder misses you.
You closely miss Grinder.
Grinder is moderately wounded.
Grinder gestures at you.
You suddenly lose the ability to move!
Grinder hits you.
You writhe in agony.
Grinder hits you.
You can move again.
You closely miss Grinder.
Grinder is moderately wounded.
Grinder hits you!
* * * LOW HITPOINT WARNING * * *
You writhe in agony.
You die...

...........# #..#
#.......# ############
#..# #.###.### ##.##
#.# #.### #..# #.#
#.... . #..###.# ###.#
§§## #...##.# #.#
§§§(. #.#.##.# #.#
#..^#####.#..#.#####.#
#≈5@...........[...#
#^.#######...#######
(≈.≈. ##..# _..§§..
#..# .(..≈.# #.>#
.^.#.. #### ...##. ..
#.


You could see Grinder.

Vanquished Creatures
  A worker ant (D:3)
  4 adders (D:2)
  3 gnolls (D:2)
  2 oozes (D:1)
  A worm (D:2)
  4 dart slugs
  2 leopard geckos
  4 orcs (D:3)
  8 bats
  4 giant cockroaches
  5 goblins
  5 hobgoblins
  2 jackals (D:1)
  6 kobolds
  6 frilled lizards
  5 rats
62 creatures vanquished.

Notes
Turn   | Place    | Note
-------+----------+-------------------------------------------
     0 | D:1      | Clowwww the Demonspawn Gladiator began the quest for the
                  | Orb.
     0 | D:1      | Reached XP level 1. HP: 16/16 MP: 1/1
   117 | D:1      | Gained mutation: You have a pair of small antennae on your
                  | head. [demonic ancestry]
   117 | D:1      | Reached XP level 2. HP: 19/22 MP: 2/2
   413 | D:1      | Gained mutation: You have sharp fingernails. [demonic
                  | ancestry]
   413 | D:1      | Reached XP level 3. HP: 26/27 MP: 3/3
   499 | D:1      | Identified a +0 pair of boots of running (You found it on
                  | level 1 of the Dungeon)
  1250 | D:2      | Gained mutation: You have a pair of antennae on your head.
                  | [demonic ancestry]
  1250 | D:2      | Reached XP level 4. HP: 3/34 MP: 4/4
  1260 | D:2      | HP: 1/34 [poisoned by an adder]
  1594 | D:2      | Reached skill level 1 in Armour
  1934 | D:2      | Found a burning altar of Makhleb.
  2174 | D:2      | Found a snail-covered altar of Cheibriados.
  2293 | D:3      | Reached XP level 5. HP: 17/41 MP: 5/5
  2600 | D:3      | Found an iron altar of Okawaru.
  2600 | D:3      | Found a bloodstained altar of Trog.
  2605 | D:3      | Became a worshipper of Warmaster Okawaru
  2846 | D:3      | Found an opulent altar of Gozag.
  3092 | D:3      | Noticed Grinder
  3094 | D:3      | Found a stormy altar of Qazlal.
  3100 | D:3      | Paralysed by Grinder for 3 turns
  3103 | D:3      | Slain by Grinder

Illustrated notes

Levels and vault maps discovered:
D:1:      sevenhm_arrival_forest_fort_large_4, layout_loops_ring,
          minmay_pentomino_t4
D:2:      layout_rooms, lemuel_doored_altar, first_ration,
          grunt_decor_arrowhead, kennysheep_slug_shrine
D:3:      layout_basic, gammafunk_temple_overflow_wave, grunt_qazlal_sundering,
          nicolae_gozag_seed_capital, uniq_grinder

Skill      XL: |  1  2  3  4 |
---------------+-------------+-----
Throwing       | 2 |  2.4
Axes           | 3 |  3.7
Dodging        | 3 |  3.3
Armour         | 1 |  1.4
Fighting       | 3 |  3.1
Stealth        | |  0.1

Action                   |  1- 3 |  4- 6 || total
-------------------------+-------+-------++-------
Melee: War axe           |   113 |    80 ||   193
  Use: Potion            |       |     1 ||     1
  Eat: Chunk             |     1 |     2 ||     3
       Ration            |       |     1 ||     1
Armor: Leather armour    |    45 |    18 ||    63
Dodge: Dodged            |    95 |    66 ||   161
